 Dungeon Crawl Stone Soup version 0.19.0-24-gb05acd6 (webtiles) character file.

1586 JeffiDaFish the Cudgeler (level 8, -4/48 HPs)
             Began as a Gargoyle Fighter on Nov 22, 2016.
             Was a Follower of Makhleb.
             Killed by divine providence
             ... invoked by an orc priest
              (11 damage)
             ... on level 6 of the Dungeon.
             The game lasted 00:11:37 (5045 turns).

JeffiDaFish the Cudgeler (Gargoyle Fighter)         Turns: 5045, Time: 00:11:37

Health: -4/48      AC: 20    Str: 21    XL:     8   Next: 92%
Magic:  8/8        EV:  5    Int:  9    God:    Makhleb [*.....]
Gold:   421        SH: 15    Dex: 10    Spells: 0 memorised, 7 levels left

rFire  . . .     SeeInvis .     e - +3 mace
rCold  . . .     Gourm    .     c - +0 chain mail
rNeg   + . .     Faith    .     l - +0 large shield (curse)
rPois  ∞         Spirit   .     k - +1 hat
rElec  +         Reflect  .     i - +0 cloak
rCorr  .         Harm     .     (no gloves)
MR     .....                    s - +2 pair of boots
Stlth  ..........               (no amulet)
                                (no ring)
                                (no ring)

@: no status effects
A: negative energy resistance 1, electricity resistance, unbreathing,
petrification resistance, rot immunity, AC +5
a: Renounce Religion


You were on level 6 of the Dungeon.
You worshipped Makhleb.
Makhleb was aware of your devotion.
You were not hungry.

You visited 1 branch of the dungeon, and saw 6 of its levels.

You collected 421 gold pieces.

Inventory:

Hand Weapons
 e - a +3 mace (weapon)
Armour
 c - a +0 chain mail (worn)
 i - a +0 cloak (worn)
 k - a +1 hat (worn)
 l - a cursed +0 large shield (worn)
 s - a +2 pair of boots (worn)
Scrolls
 h - a scroll of fear
 m - 4 scrolls of identify
 n - a scroll of fog
 p - 3 scrolls of remove curse
Potions
 a - a potion of agility
 d - 3 potions of might
 g - a potion of curing
 q - a potion of haste
Books
 j - a book of Cantrips

   Spells                             Type                      Level
   a - Confusing Touch                Hexes                        1
   b - Animate Skeleton               Necromancy                   1
   c - Summon Small Mammal            Summoning                    1
   d - Apportation                    Translocation                1
Comestibles
 b - a meat ration
 f - 4 bread rations
 o - a fruit
 r - 4 chunks of flesh


   Skills:
 + Level 4.7 Fighting
 + Level 7.6 Maces & Flails
 + Level 5.1 Armour
 + Level 2.0 Dodging
 + Level 0.8 Stealth
 + Level 7.0 Shields


You had 7 spell levels left.
You didn't know any spells.

Dungeon Overview and Level Annotations

Branches:
Dungeon (6/15)             Temple (0/1) D:6

Altars:
Elyvilon
Makhleb
Okawaru
Ru
Vehumet
Zin


Innate Abilities, Weirdness & Mutations

You are resistant to torment.
Your stone body is resilient. (AC +5)
You are immune to poison.
You resist negative energy. (rN+)
You are resistant to electric shocks. (rElec)
You can survive without breathing.
You are immune to petrification.
You are immune to rotting.


Message History

The orc warrior is severely wounded.
The orc warrior hits you with a glaive.
The orc wizard gestures wildly while chanting.
You block the orc warrior's attack.
You hit the orc warrior but do no damage.
The orc warrior is severely wounded.
You hit the orc warrior but do no damage.
The orc warrior is severely wounded.
You block the orc warrior's attack.
The orc priest invokes the aid of Beogh against you.
Beogh smites you!
* * * LOW HITPOINT WARNING * * *
You sock the orc warrior!
You kill the orc warrior!
Makhleb accepts your kill. You block the orc wizard's attack.
You closely miss the orc wizard.
The orc priest mumbles some strange prayers to Beogh against you.
Beogh smites you!
You die...

...# .# #...##.. #.......
.$.$.$.$ #..... #...#
#########...#
.....oo@....##.#
##################.#.##.#
................<.....#.#
.........###########..#.#
.####.................#.#
.# #.....###########.#.#
.####.....# #.#.#########
##.#.###.## #............
#.#.##
#.##############.########)


You could see an orc priest and an orc wizard.

Vanquished Creatures
  Edmund (D:4)
  2 orc warriors (D:6)
  A sky beast (D:5)
  A phantom (D:5)
  An ogre (D:4)
  A centaur (D:5)
  A bullfrog (D:6)
  2 scorpions (D:4)
  2 crimson imps
  2 orc priests
  3 hounds
  5 orc wizards
  2 jellies (D:5)
  Jessica (D:3)
  A bullfrog skeleton (D:5)
  3 worker ants
  A hound zombie (D:5)
  A howler monkey zombie (D:5)
  A worker ant zombie (D:5)
  A gnoll (D:1)
  A howler monkey skeleton (D:4)
  5 adders
  3 shadow imps (D:5)
  An adder skeleton (D:4)
  A dart slug (D:2)
  2 leopard geckos
  8 orcs
  2 ball pythons (D:3)
  10 bats
  6 giant cockroaches
  9 goblins
  4 hobgoblins
  5 jackals
  3 quokkas
  8 frilled lizards
  10 kobolds
  A leopard gecko zombie (D:5)
  10 rats
122 creatures vanquished.

Vanquished Creatures (others)
  An orc wizard (D:6)
1 creature vanquished.

Grand Total: 123 creatures vanquished

Notes
Turn   | Place    | Note
-------+----------+-------------------------------------------
     0 | D:1      | JeffiDaFish the Gargoyle Fighter began the quest for the Orb.
     0 | D:1      | Reached XP level 1. HP: 14/14 MP: 1/1
   138 | D:1      | Reached XP level 2. HP: 19/19 MP: 2/2
   437 | D:1      | Reached XP level 3. HP: 14/23 MP: 3/3
   609 | D:1      | Gained mutation: You are resistant to hostile enchantments. (MR+) [potion of mutation]
   609 | D:1      | Gained mutation: Your mind is acute. (Int +2) [potion of mutation]
   609 | D:1      | Gained mutation: Scrolls take you a little longer to read. [potion of mutation]
  1594 | D:2      | Reached XP level 4. HP: 29/29 MP: 4/4
  1720 | D:2      | Found a glowing silver altar of Zin.
  2535 | D:3      | Noticed Jessica
  2539 | D:3      | Killed Jessica
  2539 | D:3      | Reached XP level 5. HP: 33/33 MP: 5/5
  2682 | D:3      | Reached skill level 1 in Dodging
  3186 | D:4      | Noticed Edmund
  3214 | D:4      | Killed Edmund
  3214 | D:4      | Reached XP level 6. HP: 36/38 MP: 6/6
  3264 | D:4      | Found a sacrificial altar of Ru.
  3320 | D:4      | Reached skill level 5 in Maces & Flails
  3320 | D:4      | Reached skill level 5 in Shields
  3320 | D:4      | Reached XP level 7. HP: 34/43 MP: 7/7
  3927 | D:4      | Found a burning altar of Makhleb.
  3928 | D:4      | Found a radiant altar of Vehumet.
  3940 | D:4      | Became a worshipper of Makhleb the Destroyer
  3969 | D:5      | Entered Level 5 of the Dungeon
  4206 | D:5      | Found an iron altar of Okawaru.
  4299 | D:5      | Reached XP level 8. HP: 48/48 MP: 8/8
  4324 | D:5      | Lost mutation: You are resistant to hostile enchantments. (MR+) [potion of cure mutation]
  4324 | D:5      | Lost mutation: Your mind is acute. (Int +2) [potion of cure mutation]
  4324 | D:5      | Lost mutation: Scrolls take you a little longer to read. [potion of cure mutation]
  4810 | D:6      | Found a white marble altar of Elyvilon.
  4961 | D:6      | Found a staircase to the Ecumenical Temple.
  4981 | D:6      | Reached skill level 5 in Armour
  4990 | D:6      | Reached * piety under Makhleb
  5045 | D:6      | Killed from afar by an orc priest

Skill      XL: |  1  2  3  4  5  6  7  8 |
---------------+-------------------------+-----
Maces & Flails | 3 4 5 6 7 |  7.6
Shields        | 4 5 6 7 |  7.0
Armour         | 4 5 |  5.1
Dodging        | 1 2 |  2.0
Fighting       | 4 |  4.7
Stealth        | |  0.8

Action                   |  1- 3 |  4- 6 |  7- 9 || total
-------------------------+-------+-------+-------++-------
Melee: Flail             |   168 |    10 |       ||   178
       Mace              |       |   161 |   260 ||   421
  Use: Scroll            |     5 |     4 |     2 ||    11
       Potion            |     6 |     1 |     7 ||    14
  Eat: Chunk             |     3 |     5 |     7 ||    15
Armor: Scale mail        |   180 |    42 |       ||   222
       Chain mail        |       |    55 |   127 ||   182
Dodge: Dodged            |    86 |    32 |    27 ||   145
Block: Shield            |   106 |    37 |       ||   143
       Large shield      |       |    70 |   170 ||   240
